 Dungeon Crawl Stone Soup version 0.22-b1-21-g5cfc168 (webtiles) character file.

40 Lilu the Conjurer (level 3, 0/19 HPs)
             Began as a Deep Elf Fire Elementalist on Aug 6, 2018.
             Slain by an adder (3 damage)
             ... on level 3 of the Dungeon.
             The game lasted 00:07:19 (1497 turns).

Lilu the Conjurer (Deep Elf Fire Elementalist)      Turns: 1497, Time: 00:07:19

Health: 0/19       AC:  6    Str:  6    XL:     3   Next: 30%
Magic:  9/9        EV: 13    Int: 19    God:
Gold:   79         SH:  0    Dex: 15    Spells: 7/8 levels left

rFire    . . .     SeeInvis .   d - +3 quarterstaff
rCold    . . .     Gourm    .   (shield currently unavailable)
rNeg     . . .     Faith    .   a - +0 robe
rPois    .         Spirit   .   (no helmet)
rElec    .         Reflect  .   h - +0 cloak
rCorr    .         Harm     +   f - +2 pair of gloves {archery}
MR       +....                  (no boots)
Stlth    ++........             l - amulet of harm
HPRegen  0.06/turn              g - ring of protection from magic
MPRegen  0.11/turn              (no ring)

@: lethally poisoned (0 -> -4)
A: no striking features
a: no special abilities


You were on level 3 of the Dungeon.
You were hungry.

You visited 1 branch of the dungeon, and saw 3 of its levels.

You collected 79 gold pieces.

Inventory:

Hand Weapons
 d - a +3 quarterstaff (weapon)
 o - a +0 club
 q - a +1 trident
Armour
 a - a +0 robe (worn)
 f - a +2 pair of gloves of archery (worn)
 h - a +0 cloak (worn)
Jewellery
 e - an uncursed ring of protection from magic
 g - a ring of protection from magic (left hand)
 l - an amulet of harm (around neck)
Scrolls
 j - a scroll of magic mapping {unknown}
 m - a scroll of enchant weapon
 p - 2 scrolls of fog {unknown}
Potions
 n - a potion of curing {unknown}
 r - a potion of brilliance {unknown}
Comestibles
 b - 3 chunks of flesh
 c - 4 rations


   Skills:
 - Level 2.4 Dodging
 - Level 2.4 Stealth
 - Level 3.0 Spellcasting
 + Level 3.6 Conjurations
 - Level 3.2 Fire Magic


You had 7 spell levels left.
You knew the following spells:

 Your Spells              Type           Power        Failure   Level  Hunger
a - Flame Tongue          Conj/Fire      ###..        3%          1    None

Your spell library contained the following spells:

 Spells                   Type           Power        Failure   Level  Hunger
 Fireball                 Conj/Fire      ###.......   71%         5    ######.
 Conjure Flame            Conj/Fire      ###.....     11%         3    ###....
 Throw Flame              Conj/Fire      ###...       5%          2    ##.....
 Sticky Flame             Conj/Fire      ###.....     36%         4    ####...
 Inner Flame              Hex/Fire       #.......     24%         3    ###....


Dungeon Overview and Level Annotations

Branches:
Dungeon (3/15)

Altars:
Hepliaklqana
Zin

Annotations:
D:2 Sigmund


Message History

You are poisoned.
The adder poisons you!
You feel sick. The adder closely misses you.
You feel sick. The adder bites you but does no damage.
You feel sick. The adder bites you.
* * * LOW HITPOINT WARNING * * *
Things that are here:
a short sword; a stone
Casting: Flame Tongue (safe; 3% risk of failure)
Confirm with . or Enter, or press ? or * to list all spells.
Aiming: Flame Tongue (safe; 3% risk of failure)
Press: ? - help, Shift-Dir - straight line, f/p - adder
Aim: an adder (heavily wounded)
The flame tongue hits the adder.
The adder appears unharmed.
The adder is heavily wounded.
* * * LOW HITPOINT WARNING * * *
You feel sick. The adder barely misses you.
It was a potion of magic.
Magic courses through your body. The adder bites you.
You die...

#.###.# #.# #.# #.#
#.# #.###.#######.#
#.............#
#.#.#####..#####
#.###. #..### #.# #.
#....# ## ## #..#S#
#####...@#
.......#.#
.........#
####.####..####
..#.....(....### #
#.######..##....
#.###.######........
#.............######
#......(..##


You could see an adder.

Vanquished Creatures
  An adder (D:2)
  A dart slug (D:1)
  A leopard gecko (D:3)
  3 giant cockroaches
  4 goblins
  3 hobgoblins
  2 jackals (D:1)
  2 ball pythons (D:2)
  2 bats
  3 frilled lizards
  3 kobolds
  4 rats
29 creatures vanquished.

Notes
Turn   | Place    | Note
-------+----------+-------------------------------------------
     0 | D:1      | Lilu the Deep Elf Fire Elementalist began the quest for the Orb.
     0 | D:1      | Reached XP level 1. HP: 10/10 MP: 6/6
   434 | D:1      | Reached XP level 2. HP: 15/15 MP: 6/8
  1181 | D:2      | Found a hazy altar of Hepliaklqana.
  1233 | D:2      | Noticed Sigmund
  1267 | D:2      | Reached XP level 3. HP: 19/19 MP: 7/9
  1335 | D:2      | Found a glowing silver altar of Zin.
  1497 | D:3      | Slain by an adder

Skill      XL: |  1  2 |
---------------+-------+-----
Conjurations   | 2 3 |  3.6
Dodging        | |  2.4
Stealth        | |  2.4
Spellcasting   | |  3.0
Fire Magic     | |  3.2

Action                   || total
-------------------------++-------
Melee: Trident           ||     2
       Unarmed           ||     1
       Quarterstaff      ||     1
 Cast: Flame Tongue      ||    56
  Use: Scroll            ||     5
       Potion            ||     1
  Eat: Chunk             ||     1
Armor: Robe              ||     4
Dodge: Dodged            ||    22
